 Dungeon Crawl Stone Soup version 0.30-a0-1094-g860fb061e7 (webtiles) character file.

Game seed: 13598331826536998645

67 Esekla the Sneak (level 4, 29/31 HPs)
             Began as an Octopode Delver on Apr 17, 2023.
             Quit the game on level 5 of the Dungeon.
             The game lasted 00:02:07 (135 turns).

Esekla the Sneak (Octopode Delver)                   Turns: 135, Time: 00:02:07

Health: 29/31      AC:  1    Str: 11    XL:     4   Next: 18%
Magic:  5/5        EV: 13    Int: 14    God:
Gold:   23         SH:  0    Dex: 13    Spells: 5/5 levels left

rFire   . . .      SeeInvis .    a - +0 falchion
rCold   . . .      Faith    .    (no shield)
rNeg    . . .      Spirit   .    (helmet restricted)
rPois   .          Reflect  .    (no amulet)
rElec   .          Rampage  .    (no ring)
rCorr   .                        (no ring)
Will    .....                    (no ring)
Stlth   +++++                    (no ring)
HPRegen 0.25/turn                (no ring)
MPRegen 0.09/turn                (no ring)
                                 (no ring)
                                 (no ring)

@: no status effects
A: almost no armour, amphibious, 8 rings, camouflage 1, gelatinous body 1,
(nimble swimmer 1), tentacles
a: no special abilities


You were on level 5 of the Dungeon.
You visited 1 branch of the dungeon, and saw 1 of its levels.

You collected 23 gold pieces.

Inventory:

Hand Weapons
 a - a +0 falchion (weapon)
Magical Staves
 g - a staff of air
Wands
 f - a wand of digging (3)
 i - a wand of mindburst (20)
Scrolls
 b - a scroll of fog
 d - a scroll of fear
 h - a scroll of identify {unknown}
 j - a scroll of teleportation {unknown}
 k - a scroll of enchant armour {unknown}
Potions
 e - a potion of haste


   Skills:
 * Level 3.4 Fighting
 * Level 2.3 Long Blades
 * Level 2.3 Dodging
 + Level 7.5 Stealth
 * Level 1.0 Spellcasting


You had 5 spell levels left.
You didn't know any spells.
Your spell library contained the following spells:

 Spells                   Type           Power      Damage    Failure   Level
 Sting                    Tmut/Pois      0%         1d3       26%         1
 Poisonous Vapours        Pois/Air       0%         N/A       36%         2
 Airstrike                Air            0%         2d(0-16)  95%         4
 Olgreb's Toxic Radiance  Pois           0%         N/A       95%         4
 Statue Form              Tmut/Erth      0%         N/A       100%        6
 Dragon Form              Tmut           0%         N/A       100%        7


Dungeon Overview and Level Annotations

Branches:
Dungeon (5/15)
 Temple: D:4-7

Altars:
Ru

Shops:
D:5 =


Innate Abilities, Weirdness & Mutations

You cannot wear most types of armour.
You are amphibious.
You can wear up to eight rings at the same time.
Your skin changes colour to match your surroundings (Stealth+).
Your rubbery body absorbs attacks. (AC +1, EV +1)
((You are camouflaged when in or above water. (Stealth+)))
You have tentacles for arms and can constrict up to eight enemies at once.


Message History

You sensed 1 altar, and 2 shops/portals.
A phantom comes into view.
A water moccasin comes into view.
Found a sacrificial altar of Ru.
Found 10 gold pieces.
You hear the slow hiss of an avalanche of sand very nearby.
Found a robe.
You now have 23 gold pieces (gained 10).
A howler monkey comes into view.
Found a stone staircase leading down.
The howler monkey hoots and howls with incredible vigour!
You hear a bark!
You hear an angry growl.
Found Nesudunini's Jewellery Boutique.
The howler monkey hoots and howls with incredible vigour!
There is an entrance to Nesudunini's Jewellery Boutique here.
You can access your shopping list by pressing '$'.
The howler monkey hits you but does no damage.
You barely miss the howler monkey. Your grab misses the howler monkey.
The howler monkey barely misses you.
You hit the howler monkey but do no damage.
You grab the howler monkey. You constrict the howler monkey.
The howler monkey barely misses you.
You hit the howler monkey.
The howler monkey is moderately wounded.
You constrict the howler monkey, but do no damage.
The howler monkey hits you. The howler monkey misses you.
You hit the howler monkey. Your squeeze misses the howler monkey.
The howler monkey is moderately wounded.
You constrict the howler monkey. The howler monkey closely misses you.
You hit the howler monkey.
The howler monkey is severely wounded.
You constrict the howler monkey. The howler monkey closely misses you.
The howler monkey misses you.
You slash the howler monkey!
You kill the howler monkey!
Your Spellcasting skill increases to level 1!
You have reached level 4!
You see here a howler monkey corpse.
You see here a howler monkey corpse.
Are you sure you want to abandon this character and quit the game? (Confirm with "yes".)

^,,*.[.*###,,**
P^,*,..*..>,**
.***##.#.#***
P**,,....*
.##,**#.#######
#.#####.......####
.##........W.....#
...##########..#.#
..## ##.#@# .##
#.#.# .#********
#..∩#* S.,,,,,,,*
#....#* .##*,,,***
#.##..# ..,,,***
***#.#*#.#**
##**** ***,,..#
*>.,*******
*,,,####
*...,,,,,,* ******
*,*** *,...,,,,,*


There were no monsters in sight!

Vanquished Creatures
  A howler monkey (D:5)
  A hound (D:5)
2 creatures vanquished.

Notes
Turn   | Place    | Note
-------+----------+-------------------------------------------
     0 | D:5      | Esekla the Octopode Delver began the quest for the Orb.
     0 | D:5      | Reached XP level 1. HP: 16/16 MP: 1/1
     4 | D:5      | Got the Quarto of Meteoric Transition
    38 | D:5      | Noticed a hound
    49 | D:5      | Killed a hound
    50 | D:5      | Reached skill level 7 in Stealth
    50 | D:5      | Reached XP level 2. HP: 4/21 MP: 1/3
    50 | D:5      | Reached XP level 3. HP: 5/26 MP: 1/4
    91 | D:5      | Noticed a phantom
    94 | D:5      | Noticed a water moccasin
    96 | D:5      | Found a sacrificial altar of Ru.
   114 | D:5      | Found Nesudunini's Jewellery Boutique.
   126 | D:5      | Reached skill level 1 in Spellcasting
   126 | D:5      | Reached XP level 4. HP: 27/31 MP: 5/5
   135 | D:5      | Quit the game

Illustrated notes

Levels and vault maps discovered:
D:5:      layout_rooms, nicolae_ru_the_path_less_chosen, enter_ossuary_1,
          serial_shops, shop

Skill      XL: |  1  2  3 |
---------------+----------+-----
Stealth        | 7 |  7.5
Spellcasting   | 1 |  1.0
Fighting       | |  3.4
Long Blades    | |  2.3
Dodging        | |  2.3

Action                     |  1- 3 |  4- 6 || total
---------------------------+-------+-------++-------
  Melee: Falchion          |    11 |       ||    11
         Constrict         |     2 |       ||     2
         Tentacles         |     1 |       ||     1
    Use: Scroll            |     1 |       ||     1
 Armour: Skin              |     1 |       ||     1
  Dodge: Dodged            |     9 |       ||     9

Table legend: (Time is in decaauts)
 A = Elapsed time spent in this place.
 B = Non-inter-level travel time spent in this place.
 C = Inter-level travel time spent in this place.
 D = Time resting spent in this place.
 E = Time spent auto-exploring this place.
 F = Levels seen in this place.
 G = Mean time per level.
                   A        B        C        D        E       F      G
               +--------+--------+--------+--------+--------+-----+--------+
         Total |    137 |    137 |      0 |      0 |      0 |   1 |  137.0 |
       Dungeon |    137 |    137 |      0 |      0 |      0 |   1 |  137.0 |
               +--------+--------+--------+--------+--------+-----+--------+

Top non-repeatable levels by time:
     D:5: 137 daAuts
